 Dungeon Crawl Stone Soup version 0.31.0-11-ge490571c62 (webtiles) character file.

Game seed: 14949456512229955726

562 WhiteGooseApocalypse the Carver (level 7, -1/48 HPs)
             Began as an Octopode Monk on Feb 4, 2024.
             Was a Believer of Okawaru.
             Splashed by a jelly's acid (10 damage)
             ... on level 4 of the Dungeon.
             The game lasted 00:03:21 (2968 turns).

WhiteGooseApocalypse the Carver (Octopode Monk)     Turns: 2968, Time: 00:03:22

Health: -1/48      AC: -7    Str: 11    XL:     7   Next: 31%
Magic:  9/9        EV: 14    Int: 18    God:    Okawaru [**....]
Gold:   198        SH:  0    Dex: 16    Spells: 6/6 levels left

rFire   . . .        k - +0 falchion
rCold   . . .        b - orb {light}
rNeg    . . .        (helmet restricted)
rPois   .            (no amulet)
rElec   .            I - +6 ring of intelligence
rCorr   .            (no ring)
SInv    .            (no ring)
Will    .....        (no ring)
Stlth   +            (no ring)
HPRegen 0.28/turn    (no ring)
MPRegen 0.11/turn    (no ring)
                     (no ring)

%: no passive effects
@: corroded, glowing, studying Long Blades
A: almost no armour, amphibious, 8 rings, camouflage 1, gelatinous body 1,
(nimble swimmer 1), tentacles
a: Renounce Religion, Heroism


You were on level 4 of the Dungeon.
You worshipped Okawaru.
Okawaru was pleased with you.
You visited 1 branch of the dungeon, and saw 4 of its levels.

You collected 198 gold pieces.


Innate Abilities, Weirdness & Mutations

You cannot wear most types of armour.
You are amphibious.
You can wear up to eight rings at the same time.
Your skin changes colour to match your surroundings (Stealth+).
Your rubbery body absorbs attacks. (AC +1, EV +1)
((You are camouflaged when in or above water. (Stealth+)))
You have tentacles for arms and can constrict up to eight enemies at once.


   Skills:
 - Level 4.0 Fighting
 + Level 8.5 Long Blades
 - Level 3.0 Dodging
 - Level 3.0 Unarmed Combat
 + Level 3.8 Invocations


You had 6 spell levels left.
You didn't know any spells.
Your spell library contained the following spells:

 Spells                   Type           Power      Damage    Failure   Level
 Apportation              Tloc           0%         N/A       22%         1
 Ensorcelled Hibernation  Hex/Ice        0%         N/A       32%         2
 Jinxbite                 Hex            0%         N/A       32%         2
 Mercury Vapours          Alch/Air       0%         N/A       32%         2
 Fugue of the Fallen      Necr           0%         N/A       54%         3
 Mephitic Cloud           Conj/Alch/Air  0%         N/A       54%         3
 Anguish                  Hex/Necr       0%         N/A       91%         4
 Dimensional Bullseye     Hex/Tloc       0%         N/A       91%         4
 Iskenderun's Mystic Bla  Conj/Tloc      0%         2d3       91%         4
 Alistair's Intoxication  Alch           0%         N/A       99%         5
 Freezing Cloud           Conj/Ice/Air   0%         6-21      99%         5
 Tukima's Dance           Hex            Unusable   N/A       N/A         3

Inventory:

Hand Weapons
 k - a +0 falchion (weapon)
Armour
 b - an orb of light (worn)
 j - a +0 tower shield
Magical Staves
 o - a staff of air {!a}
Jewellery
 F - a ring of fire
 I - a +6 ring of intelligence (left tentacle)
Scrolls
 c - 3 scrolls of identify {unknown}
 d - 2 scrolls of amnesia {unknown}
 e - a scroll of teleportation {unknown}
 g - a scroll of fog {unknown}
 l - 2 scrolls of vulnerability {unknown}
 m - a scroll of torment {unknown}
Potions
 a - a potion of ambrosia
 f - 3 potions of heal wounds {unknown}
 h - a potion of haste {unknown}
 i - 3 potions of curing {unknown}
 n - a potion of might {unknown}

Dungeon Overview and Level Annotations

Branches:
Dungeon (4/15)
 Temple: D:4-7

Altars:
Okawaru

####### #...#..########
# ..............# #
.............+ ... +
..............#.... #
... #...######... #
....##..#......... #
...............## #
..###..@##.....# ##
##Jg##.....# #.
##o.#...†.# #.
...#.....# #.
..##.....#### #.
..###.......... ...
.###..............#
..######...............
.......(....<......


You could see a jelly, an orc and a hobgoblin.


Message History

You are too injured to fight recklessly!
You are too injured to fight recklessly!
You are too injured to fight recklessly!
You are too injured to fight recklessly!
You are too injured to fight recklessly!
You are too injured to fight recklessly!
You are too injured to fight recklessly!
You are too injured to fight recklessly!
You are too injured to fight recklessly!
You are too injured to fight recklessly!
You are too injured to fight recklessly!
You are too injured to fight recklessly!
You are too injured to fight recklessly!
You are too injured to fight recklessly!
You are too injured to fight recklessly!
Unknown command.
You hit the jelly but do no damage.
Your tentacles burn!
* * * LOW HITPOINT WARNING * * *
The jelly is severely wounded.
The hobgoblin closely misses you. The jelly completely misses you.
Unknown command.
You hit the jelly.
Your tentacles burn!
* * * LOW HITPOINT WARNING * * *
The jelly is almost dead.
The hobgoblin hits you.
* * * LOW HITPOINT WARNING * * *
The jelly hits you.
* * * LOW HITPOINT WARNING * * *
The acid corrodes you!
You are splashed with acid!
You die...

Skill      XL: |  1  2  3  4  5  6 |
---------------+-------------------+-----
Fighting       | 4 |  4.0
Long Blades    | 1 4 5 7 8 |  8.5
Invocations    | 1 3 |  3.8
Dodging        | |  3.0
Unarmed Combat | |  3.0

Action                     |  1- 3 |  4- 6 |  7- 9 || total
---------------------------+-------+-------+-------++-------
  Melee: Unarmed           |    70 |     6 |       ||    76
         Constrict         |    22 |    23 |     1 ||    46
         Tentacles         |    22 |    20 |     4 ||    46
         Punch             |     3 |     3 |     1 ||     7
         Falchion          |       |    67 |    13 ||    80
   Stab: Sleeping          |     4 |       |       ||     4
 Armour: Skin              |    28 |    36 |     7 ||    71
  Dodge: Dodged            |    50 |    48 |    11 ||   109

Levels and vault maps discovered:
D:1:      ncdulo_smallfort, layout_loops_ring, basic_ecumenical_altar
D:2:      layout_loops_ring
D:3:      layout_rooms, mainiacjoe_overflow_brackets, fountainhead,
          minmay_checkerbox, uniq_natasha
D:4:      layout_gridville, mainiacjoe_overflow_paths, serial_bayou_lagoon_a,
          minmay_cupped

Notes
Turn   | Place    | Note
-------+----------+-------------------------------------------
     0 | D:1      | WhiteGooseApocalypse the Octopode Monk began the quest for
                  | the Orb.
     0 | D:1      | Reached XP level 1. HP: 16/16 MP: 1/1
   282 | D:1      | Reached XP level 2. HP: 21/21 MP: 2/2
   469 | D:1      | Found a faded altar of an unknown god.
   580 | D:1      | Reached skill level 4 in Fighting
   659 | D:1      | Reached skill level 1 in Long Blades
   659 | D:1      | Reached XP level 3. HP: 22/27 MP: 3/3
   759 | D:2      | Reached skill level 2 in Long Blades
  1324 | D:2      | Reached skill level 3 in Long Blades
  1453 | D:3      | Reached skill level 4 in Long Blades
  1453 | D:3      | Reached XP level 4. HP: 13/33 MP: 4/4
  1683 | D:3      | Noticed Natasha
  1692 | D:3      | Killed Natasha
  1693 | D:3      | Reached skill level 5 in Long Blades
  1829 | D:3      | Noticed Natasha
  1836 | D:3      | Killed Natasha
  1837 | D:3      | Reached XP level 5. HP: 37/37 MP: 5/5
  1880 | D:3      | Noticed Natasha
  1884 | D:3      | Killed Natasha
  1885 | D:3      | Reached skill level 6 in Long Blades
  1888 | D:3      | Found an iron altar of Okawaru.
  1898 | D:3      | HP: 3/37 [orc/+0 club (5)]
  1904 | D:3      | Became a worshipper of Warmaster Okawaru
  1904 | D:3      | Reached * piety under Okawaru
  1904 | D:3      | Reached ** piety under Okawaru
  2077 | D:3      | Reached skill level 7 in Long Blades
  2077 | D:3      | Reached skill level 1 in Invocations
  2077 | D:3      | Reached XP level 6. HP: 31/43 MP: 5/7
  2086 | D:3      | Reached skill level 2 in Invocations
  2788 | D:4      | Reached skill level 8 in Long Blades
  2788 | D:4      | Reached skill level 3 in Invocations
  2788 | D:4      | Reached XP level 7. HP: 28/48 MP: 9/9
  2968 | D:4      | Splashed by a jelly's acid

Vanquished Creatures
  An ogre (D:4)
  A phantom (D:4)
  A scorpion (D:3)
  A gnoll bouda (D:3)
  3 orc priests (D:3)
  Natasha (thrice) (D:3)
  An orc wizard (D:3)
  4 gnolls
  2 adders
  A dart slug (D:4)
  3 ribbon worms
  8 orcs (D:3)
  10 endoplasms
  3 goblins
  6 hobgoblins
  2 kobolds (D:1)
  5 quokkas
  5 ball pythons
  6 bats
  2 frilled lizards
  3 rats (D:1)
71 creatures vanquished.

Table legend: (Time is in decaauts)
 A = Elapsed time spent in this place.
 B = Non-inter-level travel time spent in this place.
 C = Inter-level travel time spent in this place.
 D = Time resting spent in this place.
 E = Time spent auto-exploring this place.
 F = Levels seen in this place.
 G = Mean time per level.
                   A        B        C        D        E       F      G
               +--------+--------+--------+--------+--------+-----+--------+
         Total |   2976 |   2915 |     61 |    706 |   1753 |   4 |  744.0 |
       Dungeon |   2976 |   2915 |     61 |    706 |   1753 |   4 |  744.0 |
               +--------+--------+--------+--------+--------+-----+--------+

Top non-repeatable levels by time:
     D:3: 1194 daAuts
     D:1: 734 daAuts
     D:2: 666 daAuts
     D:4: 380 daAuts

Table legend:
 A = Non-vault XP
 B = Vault XP
 C = Vault XP percentage of total XP
 D = Non-vault monster count
 E = Vault monster count
 F = Vault count percentage of total count
                 A         B        C        D         E       F
            +---------+---------+-------+---------+---------+-------
      Total |     667 |     136 |  16.9 |      66 |       5 |   7.0
            +---------+---------+-------+---------+---------+-------
        D:1 |      34 |       0 |   0.0 |      23 |       0 |   0.0
        D:2 |      35 |       0 |   0.0 |      11 |       0 |   0.0
        D:3 |     335 |     136 |  28.9 |      24 |       5 |  17.2
        D:4 |     263 |       0 |   0.0 |       8 |       0 |   0.0
            +---------+---------+-------+---------+---------+-------
